 Dungeon Crawl Stone Soup version 0.15-a0-1632-gd490d05 (webtiles) character file.

93 Kenran the Insei (level 4, -8/28 HPs)
             Began as a Tengu Monk on June 21, 2014.
             Mangled by Shimatora's ghost (10 damage)
             ... on Level 3 of the Dungeon.
             The game lasted 00:08:49 (1889 turns).

Kenran the Insei (Tengu Monk)                       Turns: 1889, Time: 00:08:49

HP  -8/28        AC  3     Str 13 (16) XL: 4   Next: 61%
MP   5/5         EV 14     Int 15      God:
Gold 75          SH  0     Dex 18      Spells:  0 memorised,  3 levels left

rFire  . . .     SeeInvis .       - Unarmed
rCold  . . .     Clarity  .     a - +1 robe
rNeg   . . .     rCorr    +     (no shield)
rPois  .         rRot     .     (helmet restricted)
rElec  .         Spirit   .     (no cloak)
SustAb .         Warding  .     (no gloves)
rMut   .         Stasis   .     (boots unavailable)
Gourm  .                        r - amulet of resist corrosion
MR     .....                    (no ring)
                                (no ring)

@: confused, mighty, brilliant, not resistant to hostile enchantments, very
unstealthy
A: beak, talons 3
a: no special abilities


You were on level 3 of the Dungeon.
You were not hungry.

You visited 1 branch of the dungeon, and saw 3 of its levels.

You collected 75 gold pieces.

Inventory:

Armour
 a - a +1 robe (worn)
Comestibles
 b - 3 bread rations
 c - 3 meat rations
 d - a slice of pizza
 f - a beef jerky
Scrolls
 k - 2 scrolls of identify
 q - a scroll of enchant weapon
 s - a scroll of remove curse {unknown}
 t - a scroll of fog
Jewellery
 l - an uncursed ring of stealth {unknown}
 p - a +3 ring of strength {unknown}
 r - an amulet of resist corrosion (around neck)
Potions
 h - a potion of flight
 n - a potion of mutation {unknown}


   Skills:
 - Level 3.0 Fighting
 - Level 3.2 Dodging
 - Level 2.0 Stealth
 + Level 6.4 Unarmed Combat


You had 3 spell levels left.
You didn't know any spells.

Dungeon Overview and Level Annotations

Branches:
Dungeon (3/15)

Altars:
Gozag
Kikubaaqudgha
Sif Muna
Xom

Annotations:
D:2 Terence
D:3 Shimatora's ghost, average CeHu


Innate Abilities, Weirdness & Mutations

You have a beak for a mouth.
You have claws for feet.


Message History

Shimatora's ghost grins evilly.
Shimatora's ghost hits you.
* * * LOW HITPOINT WARNING * * *
Shimatora's ghost misses you.
Drink which item? (? for menu, Esc to quit)
You feel clever all of a sudden.
It was a potion of brilliance.
Shimatora's ghost hits you.
* * * LOW HITPOINT WARNING * * *
Drink which item? (? for menu, Esc to quit)
You feel very mighty all of a sudden.
It was a potion of might.
Shimatora's ghost misses you.
Drink which item? (? for menu, Esc to quit)
There was something very wrong with that liquid!
You feel weakened.
It was a potion of degeneration.
Shimatora's ghost barely misses you.
Drink which item? (? for menu, Esc to quit)
You are confused.
It was a potion of confusion.
Shimatora's ghost misses you. Shimatora's ghost hits you!
You die... ...P.P #.##.##....# #.# ..P♣♣.P +.##..##...# #)# .PP.P

####...+...# #.# .P♣♣♣
.#......#...# #.# .PP♣
♣♣.#.###..##+## #.#
...♣♣P...#......##.#####.#
.P..PP...######.##..#....#
.......#........W.PPP#.###
...)..# ########@P♣...'######....
.....## ######..♣♣♣.P..........#
.##.######........PPP%..#########
..................P.P...#
........................#
...(.._..._...#...>.....#
.###(.........#.........# .#
#....8.....#.........# .#
#..........#...........


You could see Shimatora's ghost.

Vanquished Creatures
  2 adders (D:2)
  2 worms (D:2)
  An orc (D:3)
  6 bats
  A giant cockroach (D:1)
  6 goblins
  7 hobgoblins
  6 jackals
  9 kobolds
  4 giant geckos
  5 giant newts
  10 rats
  2 butterflies (D:2)
61 creatures vanquished.

Notes
Turn   | Place    | Note
--------------------------------------------------------------
     0 | D:1      | Kenran, the Tengu Monk, began the quest for the Orb.
     0 | D:1      | Reached XP level 1. HP: 14/14 MP: 1/1
   187 | D:1      | Reached XP level 2. HP: 19/19 MP: 3/3
   241 | D:1      | Reached skill level 5 in Unarmed Combat
   663 | D:1      | Reached XP level 3. HP: 23/23 MP: 4/4
  1334 | D:2      | Reached skill level 6 in Unarmed Combat
  1334 | D:2      | Reached XP level 4. HP: 25/28 MP: 5/5
  1543 | D:2      | Found a shimmering altar of Xom.
  1546 | D:2      | Noticed Terence
  1657 | D:3      | Noticed Shimatora's ghost (average CeHu)
  1663 | D:3      | Found a deep blue altar of Sif Muna.
  1670 | D:3      | Found an ancient bone altar of Kikubaaqudgha.
  1682 | D:3      | Found an opulent altar of Gozag.
  1886 | D:3      | HP: 1/28 [Shimatora's ghost (5)]
  1889 | D:3      | Mangled by Shimatora's ghost

Action                   |  1- 3 |  4- 6 || total
-------------------------+-------+-------++-------
Melee: Unarmed           |    96 |    46 ||   142
  Use: Scroll            |     6 |     4 ||    10
       Potion            |       |     4 ||     4
 Stab: Sleeping          |     1 |     1 ||     2
